 Dungeon Crawl Stone Soup version 0.30-a0-1075-gcd70e7a56d (webtiles) character file.

Game seed: 13318509178792625229

707 kae the Changer (level 7, -1/48 HPs)
             Began as a Demonspawn Transmuter on Apr 14, 2023.
             Killed from afar by an orc wizard (7 damage)
             ... with a puff of flame
             ... on level 4 of the Dungeon.
             The game lasted 00:02:35 (2397 turns).

kae the Changer (Demonspawn Transmuter)             Turns: 2397, Time: 00:02:35

Health: -1/48      AC:  4    Str:  7    XL:     7   Next: 39%
Magic:  12/12      EV: 12    Int: 16    God:
Gold:   146        SH:  0    Dex: 14    Spells: 3/13 levels left

rFire   . . .      SeeInvis .    j - +8 mace "Gotaraez" {heavy, rC- Will+++ rCorr Str-3}
rCold   x . .      Faith    .    (no shield)
rNeg    . . .      Spirit   .    a - +0 robe
rPois   .          Reflect  .    (no helmet)
rElec   .          Rampage  .    c - +1 cloak
rCorr   +                        (no gloves)
Will    +++..                    (no boots)
Stlth   +                        (no amulet)
HPRegen 0.28/turn                (no ring)
MPRegen 0.13/turn                (no ring)

@: wereblooded
A: powered by death 1, demonic touch 2
a: no special abilities


You were on level 4 of the Dungeon.
You visited 1 branch of the dungeon, and saw 4 of its levels.

You collected 146 gold pieces.


Innate Abilities, Weirdness & Mutations

You regenerate a little health from kills.
Your touch may inflict irresistible damage on your foes.


   Skills:
 - Level 1.0 Fighting
 - Level 1.7 Dodging
 + Level 4.2 Unarmed Combat
 + Level 3.7 Spellcasting
 * Level 5.0 Transmutations
 * Level 2.2 Ice Magic
 - Level 2.0 Poison Magic


You had 3 spell levels left.
You knew the following spells:

 Your Spells              Type           Power      Damage    Failure   Level
a - Beastly Appendage     Tmut           38%        N/A       2%          1
b - Wereblood             Tmut           19%        N/A       3%          2
c - Spider Form           Tmut/Pois      14%        N/A       12%         3
d - Ice Form              Ice/Tmut       14%        N/A       36%         4

Your spell library contained the following spells:

 Spells                   Type           Power      Damage    Failure   Level
 Poisonous Vapours        Pois/Air       12%        N/A       17%         2
 Mephitic Cloud           Conj/Pois/Air  5%         N/A       36%         3
 Animate Dead             Necr           3%         N/A       86%         4
 Freezing Cloud           Conj/Ice/Air   2%         6-21      98%         5
 Haunt                    Necr/Summ      1%         N/A       100%        7
 Infestation              Necr           1%         N/A       100%        8

Inventory:

Hand Weapons
 j - the +8 mace "Gotaraez" (weapon) {heavy, rC- Will+++ rCorr Str-3}
   (You found it on level 2 of the Dungeon)

   Str:       It affects your strength (-3).
   rC:        It makes you vulnerable to cold.
   rCorr:     It protects you from acid and corrosion.
   Will:      It greatly increases your willpower.
Missiles
 e - 5 poisoned darts
 i - 35 stones
Armour
 a - a +0 robe (worn)
 c - a +1 cloak (worn)
   (You found it on level 1 of the Dungeon)
Jewellery
 L - a ring of flight
   (You found it on level 3 of the Dungeon)
Wands
 o - a wand of mindburst (19)
   (You took it off a kobold on level 3 of the Dungeon)
Potions
 b - 2 potions of lignification {!q}
 d - a potion of mutation {!q}
 g - 2 potions of degeneration {!q}
 h - a potion of haste {unknown}
 k - 2 potions of attraction {unknown}
 n - 2 potions of curing {unknown}
 p - a potion of berserk rage {unknown}

Dungeon Overview and Level Annotations

Branches:
Dungeon (4/15) Zot: 21514
 Temple: D:4-7

Altars:
Xom

#.# .....####...## ..#
............# ###...
......[#....# .....#
#+##....$#....### .###.#
#.##.....#......$
.....###................
................o.......
##.#......#..?.{{# ...
.#.#.####.####.#@##.....
.#.#.####.###..)........
#.......†..##...).......
...........##.........[.
...........##.........##
#..........##.........#
#####..######.........#
##..# #.........# ##.#
..........#


You could see an orc.


Message History

The ball python barely misses you. The ball python closely misses you.
Something hits you.
You are too injured to fight recklessly! 😮 HP[-9]
You take 9 damage, and now have 32/48 hp.
Something hits you.
There is a stone staircase leading up here. 😮 HP[+1]
Casting: Ice Form (quite dangerous; 36% risk of failure)
Confirm with . or Enter, or press ? or * to list all spells.
Your blood is infused with primal strength.
The ball python closely misses you. The ball python barely misses you.
Something hits you but does no damage. The ball python bites you.
The ball python grabs you. The ball python constricts you.
Something hits you but does no damage. 😮 HP[+1] MP[-2]
You lost 2 mp, and now have 10/12 mp.
You sock the ball python!
You feel a bit better.
You kill the ball python!
Something hits you. The orc hits you with a +0 short sword.
The orc barely misses you. Something hits you. x2 😮 HP[-5]
You take 5 damage, and now have 29/48 hp.
You miss something.
Something hits you but does no damage. x2
The orc hits you with a +0 short sword. Something hits you. x2
* * * LOW HITPOINT WARNING * * *
The orc misses you.
You are too injured to fight recklessly!
You are too injured to fight recklessly! 😨 HP[-5]
You take 5 damage, and now have 24/48 hp.
You barely miss something.
Something hits you but does no damage. x2
The orc hits you but does no damage. The orc misses you. Something hits you.
* * * LOW HITPOINT WARNING * * *
Something hits you.
* * * LOW HITPOINT WARNING * * *
😨 HP[-3] MP[+1]
You take 3 damage, and now have 21/48 hp.
You hit the orc. Something hits you.
* * * LOW HITPOINT WARNING * * *
Something barely misses you. The orc hits you with a +0 short sword.
* * * LOW HITPOINT WARNING * * *
The orc misses you. Something hits you but does no damage. Something hits you.
* * * LOW HITPOINT WARNING * * *
😨 HP[-4]
You take 4 damage, and now have 17/48 hp.
Unknown command.
You sock the orc!
You feel a bit better.
You kill the orc!
Something hits you.
* * * LOW HITPOINT WARNING * * *
Something hits you but does no damage.
You hear some strange, mumbled words.
A puff of flame appears from out of thin air!
The puff of flame hits you!
* * * LOW HITPOINT WARNING * * *
You hear some strange, mumbled words.
A puff of flame appears from out of thin air!
The puff of flame hits you.
* * * LOW HITPOINT WARNING * * *
😱 HP[-10]
You take 10 damage, and now have 7/48 hp.
MASSIVE DAMAGE!! (PAUSE)
You feel much better. Something hits you.
* * * LOW HITPOINT WARNING * * *
You hear some strange, mumbled words.
A puff of flame appears from out of thin air!
The puff of flame hits you!
* * * LOW HITPOINT WARNING * * *
You sock something!
You howl as the wereblood boils in your veins!
Something hits you.
* * * LOW HITPOINT WARNING * * *
Something hits you.
* * * LOW HITPOINT WARNING * * *
Something hits you.
* * * LOW HITPOINT WARNING * * *
Something completely misses you. 😱 HP[+5] MP[+1]
You regained 5 hp, and now have 12/48 hp.
Your mp is fully restored (12).
You barely miss something. Your touch misses something. Something hits you.
* * * LOW HITPOINT WARNING * * *
Something hits you but does no damage. Something hits you.
* * * LOW HITPOINT WARNING * * *
Something hits you but does no damage. 😱 HP[-3]
You take 3 damage, and now have 9/48 hp.
You miss something. Something hits you.
* * * LOW HITPOINT WARNING * * *
You hear some strange, mumbled words.
A puff of flame appears from out of thin air!
The puff of flame misses you.
Something hits you but does no damage. x2
Something hits you.
* * * LOW HITPOINT WARNING * * *
You hear some strange, mumbled words.
A puff of flame appears from out of thin air!
The puff of flame hits you!
You die...

Skill      XL: |  1  2  3  4  5  6  7 |
---------------+----------------------+-----
Transmutations | 2 3 4 5 |  5.0
Unarmed Combat | 3 4 |  4.2
Poison Magic   | 1 2 |  2.0
Spellcasting   | 3 |  3.7
Ice Magic      | 1 2 |  2.2
Fighting       | |  1.0
Dodging        | |  1.7

Action                     |  1- 3 |  4- 6 |  7- 9 || total
---------------------------+-------+-------+-------++-------
  Melee: Unarmed           |   103 |    29 |       ||   132
         Kick              |    13 |     3 |       ||    16
         Headbutt          |    11 |       |       ||    11
         Touch             |    10 |    15 |     1 ||    26
         Punch             |     4 |     2 |       ||     6
         Mace              |       |    68 |    19 ||    87
   Cast: Beastly Appendage |    16 |     4 |       ||    20
         Wereblood         |     2 |     3 |     1 ||     6
         Ice Form          |       |     1 |       ||     1
    Use: Scroll            |       |     8 |       ||     8
         Potion            |       |       |     1 ||     1
   Stab: Sleeping          |     1 |       |       ||     1
 Armour: Robe              |    30 |    23 |    19 ||    72
         Skin              |       |     2 |       ||     2
  Dodge: Dodged            |    95 |    98 |    28 ||   221

Levels and vault maps discovered:
D:1:      evilmike_arrival_plus, layout_loops_cross,
          dreamdust_ecumenical_altar_grove
D:2:      layout_rooms, basic_altar, item_on_display_b
D:3:      layout_loops_cross, gammafunk_ghost_nasty_kobolds
D:4:      layout_basic, minmay_temple_entry_from_below_a,
          eino_small_chamber_without_monster, uniq_duvessa

Notes
Turn   | Place    | Note
-------+----------+-------------------------------------------
     0 | D:1      | kae the Demonspawn Transmuter began the quest for the Orb.
     0 | D:1      | Reached XP level 1. HP: 15/15 MP: 3/3
     0 | D:1      | magus.rc [v1.11.3]
    51 | D:1      | Reached skill level 2 in Transmutations
    53 | D:1      | You pick up a book of Death and begin reading...
    53 | D:1      | You add the spells Animate Dead, Haunt and Infestation to
                  | your library.
   144 | D:1      | Gained mutation: Your touch may inflict minor irresistible
                  | damage on your foes. [demonic ancestry]
   144 | D:1      | Reached XP level 2. HP: 20/21 MP: 5/5
   228 | D:1      | Found a faded altar of an unknown god.
   434 | D:1      | Reached skill level 3 in Unarmed Combat
   552 | D:1      | Reached XP level 3. HP: 24/26 MP: 4/6
   555 | D:1      | Learned a level 2 spell: Wereblood
   559 | D:1      | Learned a level 3 spell: Spider Form
   882 | D:2      | Reached skill level 1 in Poison Magic
   914 | D:2      | Gained mutation: Your touch may inflict irresistible damage
                  | on your foes. [demonic ancestry]
   914 | D:2      | Reached XP level 4. HP: 24/32 MP: 4/7
   999 | D:2      | Reached skill level 3 in Transmutations
  1001 | D:2      | Identified the +8 mace "Gotaraez" {heavy, rC- Will+++ rCorr
                  | Str-3}
  1045 | D:2      | You pick up a book of Vapours and begin reading...
  1045 | D:2      | You add the spells Poisonous Vapours, Mephitic Cloud and
                  | Freezing Cloud to your library.
  1067 | D:2      | Found a shimmering altar of Xom.
  1465 | D:3      | Reached XP level 5. HP: 30/37 MP: 7/9
  1676 | D:3      | Identified the +2 hand axe of the Iron City of Dis {flame,
                  | Int+3}
  1738 | D:3      | Found a runed translucent gate.
  1738 | D:3      | Found a runed translucent gate.
  1738 | D:3      | Found a runed translucent gate.
  1743 | D:3      | Noticed minbekrie's ghost (amateur GnWn)
  1863 | D:3      | Reached skill level 2 in Poison Magic
  2118 | D:3      | Killed minbekrie's ghost
  2119 | D:3      | Reached skill level 3 in Spellcasting
  2119 | D:3      | Reached skill level 4 in Transmutations
  2119 | D:3      | Gained mutation: You regenerate a little health from kills.
                  | [demonic ancestry]
  2119 | D:3      | Reached XP level 6. HP: 29/43 MP: 6/10
  2153 | D:3      | Learned a level 4 spell: Ice Form
  2258 | D:4      | Noticed Dowan
  2259 | D:4      | Noticed Duvessa
  2274 | D:4      | Killed Duvessa
  2275 | D:4      | Reached skill level 4 in Unarmed Combat
  2275 | D:4      | Reached skill level 1 in Ice Magic
  2277 | D:4      | Killed Dowan
  2278 | D:4      | Reached XP level 7. HP: 41/48 MP: 9/12
  2378 | D:4      | Reached skill level 2 in Ice Magic
  2385 | D:4      | Reached skill level 5 in Transmutations
  2393 | D:4      | HP: 7/48 [something/puff of flame (6)]
  2397 | D:4      | Killed from afar by an orc wizard

Vanquished Creatures
  The ghost of minbekrie the Changer, an amateur GnWn (D:3)
  Duvessa (D:4)
  A black bear (D:4)
  A kobold brigand (D:3)
  A scorpion (D:4)
  Dowan (D:4)
  A hound (D:4)
  An iguana (D:4)
  An orc wizard (D:3)
  5 adders
  2 worms
  A dart slug (D:3)
  5 orcs
  9 ball pythons
  9 bats
  8 endoplasms
  4 giant cockroaches
  8 goblins
  5 hobgoblins
  3 jackals (D:1)
  4 quokkas
  3 frilled lizards
  15 kobolds
  6 rats
96 creatures vanquished.

Vanquished Creatures (others)
  2 fungi
  3 plants (D:3)
5 creatures vanquished.

Grand Total: 101 creatures vanquished

Table legend:
 A = Non-vault XP
 B = Vault XP
 C = Vault XP percentage of total XP
 D = Non-vault monster count
 E = Vault monster count
 F = Vault count percentage of total count
                 A         B        C        D         E       F
            +---------+---------+-------+---------+---------+-------
      Total |     531 |     479 |  47.4 |      84 |      12 |  12.5
            +---------+---------+-------+---------+---------+-------
        D:1 |      51 |       0 |   0.0 |      29 |       0 |   0.0
        D:2 |      94 |       0 |   0.0 |      26 |       0 |   0.0
        D:3 |      89 |     277 |  75.7 |      21 |      10 |  32.3
        D:4 |     297 |     202 |  40.5 |       8 |       2 |  20.0
            +---------+---------+-------+---------+---------+-------

Illustrated notes

Table legend:
 A = Kills in this place as a percentage of kills in the entire game.
 B = Kills by you in this place as a percentage of kills by you in the entire game.
 C = Kills by friends in this place as a percentage of kills by friends in the entire game.
 D = Other kills in this place as a percentage of other kills in the entire game.
 E = Experience gained in this place as a percentage of experience gained in the entire game.
 F = Experience gained in this place divided by the number of levels of this place that you have seen.
                   A       B       C       D       E      F
               +-------+-------+-------+-------+-------+----------------------
         Total | 100.0 | 100.0 |   N/A |   N/A | 100.0 | 252.5
       Dungeon | 100.0 | 100.0 |   N/A |   N/A | 100.0 | 252.5
               +-------+-------+-------+-------+-------+----------------------

Table legend: (Time is in decaauts)
 A = Elapsed time spent in this place.
 B = Non-inter-level travel time spent in this place.
 C = Inter-level travel time spent in this place.
 D = Time resting spent in this place.
 E = Time spent auto-exploring this place.
 F = Levels seen in this place.
 G = Mean time per level.
                   A        B        C        D        E       F      G
               +--------+--------+--------+--------+--------+-----+--------+
         Total |   2483 |   2389 |     94 |     46 |   1707 |   4 |  620.8 |
       Dungeon |   2483 |   2389 |     94 |     46 |   1707 |   4 |  620.8 |
               +--------+--------+--------+--------+--------+-----+--------+

Top non-repeatable levels by time:
     D:3: 955 daAuts
     D:1: 795 daAuts
     D:2: 541 daAuts
     D:4: 190 daAuts
